 Dungeon Crawl Stone Soup version 0.31.0-11-ge490571c62 (webtiles) character file.

Game seed: 977533809005924652

86 qw the Shooter (level 4, 0/22 HPs)
             Began as a Spriggan Hunter on Feb 5, 2024.
             Incinerated by a bombardier beetle (5 damage)
             ... with a burning spray
             ... on level 3 of the Dungeon.
             The game lasted 00:00:05 (1522 turns).

qw the Shooter (Spriggan Hunter)                    Turns: 1522, Time: 00:00:05

Health: 0/22       AC:  1    Str: 11    XL:     4   Next: 26%
Magic:  5/5        EV: 19    Int:  9    God:
Gold:   86         SH:  0    Dex: 19    Spells: 3/3 levels left

rFire   . . .        a - +0 shortbow
rCold   . . .        (shield currently unavailable)
rNeg    . . .        c - +0 robe
rPois   .            (helmet restricted)
rElec   .            (no cloak)
rCorr   .            (gloves unavailable)
SInv    +            (boots unavailable)
Will    .....        (no amulet)
Stlth   +            (no ring)
HPRegen 0.23/turn    (no ring)
MPRegen 0.09/turn

%: clarity
@: on fire, about to teleport, glowing, very quick
A: very small, no large weapons, unfitting armour, see invisible, speed 3,
clarity, deformed body, strong 1
a: no special abilities


You were on level 3 of the Dungeon.
You visited 1 branch of the dungeon, and saw 3 of its levels.

You collected 86 gold pieces.


Innate Abilities, Weirdness & Mutations

You are very small and have problems with some larger weapons.
You are too small for most types of armour.
You have supernaturally acute eyesight. (SInv)
You cover ground extremely quickly. (Speed+++)
You possess an exceptional clarity of mind.
Armour fits poorly on your strangely shaped body.
Your muscles are strong. (Str +4, Int/Dex -1)


   Skills:
 - Level 1.5 Fighting
 - Level 5.0 Ranged Weapons
 + Level 4.6 Dodging
 - Level 1.5 Stealth


You had 3 spell levels left.
You didn't know any spells.
Your spell library was empty.

Inventory:

Hand Weapons
 a - a +0 shortbow (weapon)
Armour
 c - a +0 robe (worn)
Scrolls
 b - a scroll of identify
Potions
 d - a potion of haste
 e - a potion of mutation
 f - a potion of heal wounds
 h - a potion of curing
 j - a potion of enlightenment {unknown}
 n - a potion of lignification {unknown}
 o - a potion of cancellation {unknown}

Dungeon Overview and Level Annotations

Branches:
Dungeon (3/15)

Altars:
The Shining One

Shops:
D:1 :(


Message History

Found 2 poisoned darts.
You now have 86 gold pieces (gained 7).
A bombardier beetle comes into view.
You shoot an arrow.
The arrow hits the bombardier beetle but does no damage.
You shoot an arrow. The arrow hits the bombardier beetle.
The bombardier beetle is lightly wounded.
You shoot an arrow. The arrow hits the bombardier beetle.
The bombardier beetle is heavily wounded.
You shoot an arrow.
The arrow hits the bombardier beetle but does no damage.
The bombardier beetle is heavily wounded.
The bombardier beetle sprays incendiary fluid at you.
The burning spray hits you.
You are covered in liquid fire!
You shoot an arrow. The arrow hits the bombardier beetle.
The bombardier beetle is severely wounded.
The liquid fire burns you!
You shoot an arrow.
The arrow hits the bombardier beetle but does no damage.
The bombardier beetle is severely wounded.
The liquid fire burns you!
The bombardier beetle sprays incendiary fluid at you.
The burning spray hits you.
You are even more covered in liquid fire!
You shoot an arrow.
The arrow hits the bombardier beetle but does no damage.
The bombardier beetle is severely wounded.
The liquid fire burns you!
You shoot an arrow. The arrow hits the bombardier beetle.
The bombardier beetle is almost dead.
The liquid fire burns you!
The bombardier beetle sprays incendiary fluid at you.
The burning spray hits you.
You are even more covered in liquid fire!
1522 ||| READING scroll of teleportation.
As you read the scroll of teleportation, it crumbles to dust.
You feel strangely unstable. The liquid fire burns you!
You die...

#........
#........
#........
+...B....
#........
#........
#!.......
#@....#
#.....#
#.#.#.#
#.....#
#.....#
#.#.#.#
#.....#
#.....#
#.#.#.#


You could see a bombardier beetle.

Vanquished Creatures
  4 adders
  2 dart slugs
  An orc (D:2)
  3 ball pythons (D:1)
  5 endoplasms
  2 giant cockroaches (D:1)
  2 goblins (D:1)
  6 hobgoblins
  2 jackals (D:1)
  A quokka (D:2)
  2 bats (D:2)
  A frilled lizard (D:1)
  4 kobolds
  8 rats
43 creatures vanquished.

Notes
Turn   | Place    | Note
-------+----------+-------------------------------------------
     0 | D:1      | qw the Spriggan Hunter began the quest for the Orb.
     0 | D:1      | Reached XP level 1. HP: 10/10 MP: 2/2
     0 | D:1      | 0 ||| qw: Version: 0.3-a-160-g6735b56
     0 | D:1      | 0 ||| qw: Game counter: 6146
     0 | D:1      | 0 ||| qw: Melee chars always use a shield: true
     0 | D:1      | 0 ||| qw: God list: Okawaru
     0 | D:1      | 0 ||| qw: Allow faded altars: false
     0 | D:1      | 0 ||| qw: Do Orc after clearing Dungeon:15 true
     0 | D:1      | 0 ||| qw: Do second Lair branch before Depths: true
     0 | D:1      | 0 ||| qw: Lair rune preference: random
     0 | D:1      | 0 ||| qw: Goals: Normal
     0 | D:1      | 0 ||| PLANNING D:1-11
    15 | D:1      | Reached skill level 3 in Dodging
    17 | D:1      | Found Syul's Book Emporium.
    70 | D:1      | Reached XP level 2. HP: 14/14 MP: 3/3
    92 | D:1      | Noticed an eye of devastation
   220 | D:1      | Found Yggychos's Weapon Shop.
   518 | D:1      | Noticed a golden eye
   521 | D:1      | Found a faded altar of an unknown god.
   523 | D:1      | Noticed a shining eye
   523 | D:1      | Noticed a golden eye
   659 | D:1      | 659 ||| READING scroll labelled MAOLOT ECENO.
   664 | D:1      | 664 ||| READING scroll labelled NAEFYZ LIGESTA.
   664 | D:1      | 664 ||| IDENTIFYING brown potion
   665 | D:1      | 665 ||| DRINKING 2 bubbling dark potions.
   665 | D:1      | Gained mutation: Armour fits poorly on your strangely
                  | shaped body. [potion of mutation]
   665 | D:1      | Gained mutation: You possess an exceptional clarity of
                  | mind. [potion of mutation]
   665 | D:1      | Gained mutation: Your muscles are strong. (Str +4, Int/Dex
                  | -1) [potion of mutation]
   666 | D:1      | 666 ||| DROPPING scroll of butterflies.
   729 | D:2      | Reached XP level 3. HP: 15/15 MP: 4/4
  1016 | D:2      | Reached skill level 5 in Ranged Weapons
  1114 | D:2      | Reached XP level 4. HP: 22/22 MP: 5/5
  1130 | D:2      | Found a glowing golden altar of the Shining One.
  1279 | D:2      | 1279 ||| READING scroll of identify.
  1279 | D:2      | 1279 ||| IDENTIFYING murky yellow potion
  1280 | D:2      | 1280 ||| READING scroll labelled FYDIR YCANKUZU.
  1280 | D:2      | 1280 ||| ENCHANTING +0 shortbow.
  1281 | D:2      | 1281 ||| READING scroll labelled LIALOT IGGASI.
  1282 | D:2      | 1282 ||| READING scroll labelled UQUHEO XEMNA.
  1383 | D:2      | 1383 ||| READING scroll labelled GUFUUTUPAO.
  1384 | D:2      | 1384 ||| READING scroll labelled POROYVIRETZ.
  1385 | D:2      | 1385 ||| DRINKING 2 white potions.
  1521 | D:3      | HP: 5/22 [burnt (3)]
  1522 | D:3      | 1522 ||| READING scroll of teleportation.
  1522 | D:3      | Incinerated by a bombardier beetle

Levels and vault maps discovered:
D:1:      reono_arrival_forest_river, layout_loops_ring, serial_shops, shop,
          nicolae_shop_advertising_works [nicolae_subvault_shop_adworks],
          hellmonk_ecumenical_altar_watching_god
D:2:      layout_loops_ring, basic_altar
D:3:      layout_basic, nemelex_xobeh_ov_fountains_minmay, ebering_ghost_gozag,
          grunt_ministairs_6, columned_hall_lemuel

Skill      XL: |  1  2  3 |
---------------+----------+-----
Dodging        | 3 4 |  4.6
Ranged Weapons | 5 |  5.0
Fighting       | |  1.5
Stealth        | |  1.5

Action                     |  1- 3 |  4- 6 || total
---------------------------+-------+-------++-------
   Fire: Shortbow          |   107 |    18 ||   125
    Use: Scroll            |     2 |     7 ||     9
         Potion            |     1 |     1 ||     2
 Armour: Robe              |     8 |     1 ||     9
  Dodge: Dodged            |    23 |     3 ||    26

Table legend:
 A = Non-vault XP
 B = Vault XP
 C = Vault XP percentage of total XP
 D = Non-vault monster count
 E = Vault monster count
 F = Vault count percentage of total count
                 A         B        C        D         E       F
            +---------+---------+-------+---------+---------+-------
      Total |     121 |       2 |   1.6 |      42 |       1 |   2.3
            +---------+---------+-------+---------+---------+-------
        D:1 |      39 |       0 |   0.0 |      22 |       0 |   0.0
        D:2 |      64 |       0 |   0.0 |      17 |       0 |   0.0
        D:3 |      18 |       2 |  10.0 |       3 |       1 |  25.0
            +---------+---------+-------+---------+---------+-------
